 Dungeon Crawl Stone Soup version 0.28.0 (webtiles) character file.

Game seed: 14847304161609819027

3903 Armakuni the Cruncher (level 10, -6/72 HPs)
             Began as a Human Wanderer on Feb 11, 2022.
             Was an Initiate of Ru.
             Mangled by a two-headed ogre (17 damage)
             ... on level 8 of the Dungeon.
             The game lasted 00:21:07 (8698 turns).

Armakuni the Cruncher (Human Wanderer)              Turns: 8698, Time: 00:21:08

Health: -6/72      AC:  6    Str: 18    XL:     10   Next: 43%
Magic:  13/13      EV: 10    Int: 11    God:    Ru [......]
Gold:   167        SH:  4    Dex: 13    Spells: 5/13 levels left

rFire   . . .      SeeInvis .   a - +3 mace (protect)
rCold   . . .      Faith    .   b - +0 buckler
rNeg    . . .      Spirit   .   c - +0 leather armour
rPois   +          Reflect  .   o - +1 hat
rElec   .          Harm     .   f - +1 cloak {rPois}
rCorr   +          Rampage  .   (no gloves)
Will    .....                   (no boots)
Stlth   +.........              A - amulet of the acrobat
HPRegen 0.22/turn               S - +4 ring of slaying
MPRegen 0.13/turn               K - ring of resist corrosion

@: no status effects
A: horns 1, MP-powered wands
a: Renounce Religion


You were on level 8 of the Dungeon.
You worshipped Ru.
Ru was noncommittal.
You visited 2 branches of the dungeon, and saw 9 of its levels.

You collected 451 gold pieces.
You spent 284 gold pieces at shops.

Inventory:

Hand Weapons
 a - a +3 mace of protection (weapon)
Missiles
 d - 8 poisoned darts (quivered)
 r - 15 boomerangs
Armour
 b - a +0 buckler (worn)
 c - a +0 leather armour (worn)
 f - a +1 cloak of poison resistance (worn)
 i - a +0 helmet
 l - a +0 scale mail
 o - a +1 hat (worn)
Magical Staves
 n - a staff of conjuration
Jewellery
 A - an amulet of the acrobat (around neck)
 J - a ring of protection from cold
 K - a ring of resist corrosion (right hand)
 S - a +4 ring of slaying (left hand)
Wands
 k - a wand of digging (3)
Scrolls
 e - a scroll of teleportation
 h - a scroll of silence
 s - a scroll of magic mapping
 t - a scroll of immolation
Potions
 q - a potion of flight


   Skills:
 - Level 4.2 Fighting
 - Level 4.6(8.8) Maces & Flails
 - Level 11.6(12.0) Staves
 - Level 1.0 Stealth
 - Level 2.0 Shields
 - Level 2.0 Spellcasting
 + Level 4.0 Conjurations
 - Level 1.0 Invocations
 + Level 4.0 Evocations


You had 5 spell levels left.
You knew the following spells:

 Your Spells              Type           Power      Damage    Failure   Level
a - Apportation           Tloc           2%         N/A       43%         1
c - Conjure Flame         Conj/Fire      5%         6-21      52%         3
s - Sticky Flame          Conj/Fire      5%         2d3       90%         4

Your spell library contained the following spells:

 Spells                   Type           Power      Damage    Failure   Level
 Animate Skeleton         Necr           2%         N/A       43%         1
 Summon Small Mammal      Summ           4%         N/A       43%         1
 Passwall                 Tmut/Erth      0%         N/A       56%         2
 Wereblood                Tmut           1%         N/A       56%         2
 Gell's Gravitas          Tloc           1%         N/A       80%         3
 Ignite Poison            Fire/Tmut/Pois 1%         N/A       80%         3
 Teleport Other           Tloc           1%         N/A       80%         3
 Irradiate                Conj/Tmut      2%         3d14      99%         5
 Blade Hands              Tmut           0%         N/A       100%        5
 Dispersal                Tloc           0%         N/A       100%        6
 Dragon Form              Tmut           0%         N/A       100%        7


Dungeon Overview and Level Annotations

Branches:
Dungeon (8/15)             Temple (1/1) D:4
   Lair: D:8-11

Altars:
Ashenzari
Elyvilon
Fedhas
Gozag
Hepliaklqana
Kikubaaqudgha
Makhleb
Nemelex Xobeh
Okawaru
Qazlal
Ru
Trog
Vehumet
Wu Jian
Xom
Yredelemnul
Zin
The Shining One

Shops:
D:5 (   D:8 *

Annotations:
D:8 Erica


Innate Abilities, Weirdness & Mutations

You have a pair of small horns on your head.
You expend magic power (3 MP) to strengthen your wands.


Message History

You hit Psyche. You headbutt Psyche.
Psyche is heavily wounded.
Psyche barely misses you.
Psyche hits you with a +3 dagger of chaos.
You are electrocuted!
You thump Psyche! Your headbutt misses Psyche.
Psyche is severely wounded.
Psyche mumbles some strange words.
A swirling arc of seething chaos appears!
The arc of chaos hits you.
You sock Psyche!
Psyche is almost dead.
Psyche hits you but does no damage.
You are poisoned.
You thump Psyche!
You kill Psyche!
You feel sick.
Your life force feels restored.
Your Conjurations skill increases to level 4!
Your Evocations skill increases to level 4!
A two-headed ogre comes into view.
It is wielding a +0 giant club and a +0 giant spiked club.
You feel sick.
The two-headed ogre shouts in stereo!
You hear a howl!
Things that are here:
a +3 dagger of chaos; a +0 robe; a wand of paralysis (4)
You feel sick.
As you read the scroll of fear, it crumbles to dust.
You assume a fearsome visage.
The two-headed ogre easily resists.
You feel sick.
A howler monkey comes into view.
The two-headed ogre hits you with a +0 giant club!
The two-headed ogre hits you with a +0 giant spiked club!
* * * LOW HITPOINT WARNING * * *
Okay, then.
Okay, then.
You feel better.
The howler monkey hoots and howls with incredible vigour!
The two-headed ogre closely misses you.
The two-headed ogre hits you with a +0 giant spiked club!
You die...

###### #....#####
#.##......
#...#####. #+ #
##...# .
..?.#####.####
.?.....O@....#
....#.!##.##.....
# ##. ...# ##..
#'# .. ..... #...
.......... ...#
###.##......#
#... .# ##...#..
##. . #h.... #..
#...


You could see a two-headed ogre and a howler monkey.

Vanquished Creatures
  Maurice (D:7)
  Psyche (D:8)
  Prince Ribbit (D:5)
  Sigmund (D:5)
  Menkaure (D:6)
  2 water moccasins
  A black bear (D:7)
  An ice beast (D:7)
  2 orc warriors
  4 ogres
  3 phantoms
  3 centaurs
  A scorpion (D:6)
  A wyvern skeleton (D:7)
  2 water moccasin skeletons
  3 howler monkeys (D:7)
  3 wights (D:7)
  3 bullfrog zombies
  A hound (D:4)
  A centaur skeleton (D:5)
  A gnoll shaman (D:6)
  5 orc priests
  3 jellies
  2 iguanas (D:5)
  9 orc wizards
  3 hound skeletons
  A howler monkey zombie (D:5)
  A howler monkey skeleton (D:6)
  4 gnolls
  11 adders
  A white imp (D:5)
  2 ufetubi
  An adder skeleton (D:4)
  5 worms
  28 orcs
  9 endoplasms
  A giant cockroach (D:2)
  11 goblins
  7 hobgoblins
  8 jackals
  7 kobolds
  2 quokkas
  8 ball pythons
  4 bats
  2 rats
172 creatures vanquished.

Vanquished Creatures (others)
  A human (D:4)
  A fungus (D:2)
2 creatures vanquished.

Grand Total: 174 creatures vanquished

Notes
Turn   | Place    | Note
-------+----------+-------------------------------------------
     0 | D:1      | Armakuni the Human Wanderer began the quest for the Orb.
     0 | D:1      | Armakuni set off with the following items: a +2 mace, a +0
                  | buckler, a +0 leather armour; and the following spells
                  | available to memorise: Passwall, Wereblood
     0 | D:1      | Reached XP level 1. HP: 15/15 MP: 3/3
    75 | D:1      | Reached XP level 2. HP: 21/21 MP: 5/5
   668 | D:2      | Found a faded altar of an unknown god.
   685 | D:2      | Reached XP level 3. HP: 20/27 MP: 6/6
   915 | D:2      | Reached XP level 4. HP: 16/34 MP: 7/7
  1883 | D:3      | Reached XP level 5. HP: 32/41 MP: 8/8
  2785 | D:4      | Reached XP level 6. HP: 47/48 MP: 9/9
  3081 | D:4      | Found an ancient bone altar of Kikubaaqudgha.
  3084 | D:4      | Noticed a human
  3085 | D:4      | Killed a human
  3092 | D:4      | Learned a level 1 spell: Apportation
  3114 | D:4      | Noticed an ogre
  3216 | D:4      | Learned a level 4 spell: Sticky Flame
  3226 | D:4      | Noticed an ogre
  3230 | D:4      | Gained mutation: You expend magic power (3 MP) to
                  | strengthen your wands. [potion of mutation]
  3230 | D:4      | Gained mutation: You have a pair of small horns on your
                  | head. [potion of mutation]
  3234 | D:4      | Killed an ogre
  3235 | D:4      | Reached skill level 2 in Staves
  3351 | D:4      | Reached XP level 7. HP: 54/54 MP: 10/10
  3368 | D:4      | Reached skill level 3 in Staves
  3513 | D:4      | Reached skill level 4 in Staves
  3630 | D:4      | Found a staircase to the Ecumenical Temple.
  3638 | Temple   | Entered the Ecumenical Temple
  3649 | Temple   | Became a worshipper of Ru the Awakened
  3753 | D:5      | Entered Level 5 of the Dungeon
  3753 | D:5      | Found Kudepafu's Antique Weapon Boutique.
  3757 | D:5      | Bought a glowing mace for 180 gold pieces
  3831 | D:5      | Reached skill level 5 in Staves
  3836 | D:5      | Reached XP level 8. HP: 54/60 MP: 11/11
  3946 | D:5      | Reached skill level 6 in Staves
  4046 | D:5      | Found an iron altar of Okawaru.
  4117 | D:5      | Noticed Prince Ribbit
  4124 | D:5      | Killed Prince Ribbit
  4125 | D:5      | Reached skill level 7 in Staves
  4329 | D:5      | Noticed Sigmund
  4334 | D:5      | Killed Sigmund
  4335 | D:5      | Reached skill level 8 in Staves
  4335 | D:5      | Reached XP level 9. HP: 65/65 MP: 12/12
  4418 | D:5      | Learned a level 3 spell: Conjure Flame
  4721 | D:6      | Reached skill level 9 in Staves
  5014 | D:6      | Noticed Menkaure
  5390 | D:7      | Reached skill level 10 in Staves
  6108 | D:6      | Killed Menkaure
  6116 | D:6      | Reached skill level 11 in Staves
  7009 | D:7      | Reached XP level 10. HP: 72/72 MP: 13/13
  7154 | D:7      | Reached skill level 1 in Conjurations
  7437 | D:8      | Found Jyacvergh's Assorted Antiques.
  7440 | D:8      | Noticed Maurice
  7568 | D:7      | Killed Maurice
  8236 | D:8      | Bought a blackened fluorescent wand for 104 gold pieces
  8485 | D:8      | Noticed Erica
  8493 | D:8      | Found a shimmering altar of Xom.
  8686 | D:8      | Noticed Psyche
  8694 | D:8      | Killed Psyche
  8695 | D:8      | Noticed a two-headed ogre
  8698 | D:8      | Mangled by a two-headed ogre

Illustrated notes

Levels and vault maps discovered:
D:1:      minmay_arrival_cross, layout_rooms
D:2:      layout_loops_ring, shapermc_ecumenical_altar_gd, cheibrodos_gnoll_hut
D:3:      layout_basic, due_unseen_surprise
D:4:      layout_loops_ring, tgw_kikubaaqudgha, temple_statues
D:5:      layout_basic, mainiacjoe_overflow_concentric_impassable, serial_shops,
          nicolae_shop_hallway_stairs, uniq_prince_ribbit1, uniq_sigmund
D:6:      layout_basic, kennysheep_boxes, uniq_menkaure
D:7:      layout_basic, minmay_misc_feat_rugged
D:8:      layout_rooms, mainiacjoe_overflow_brackets, marbit_many_paths,
          mainiacjoe_overflow_24_doors, serial_shops, shop, uniq_erica,
          uniq_maurice, uniq_psyche
Temple:   nicolae_temple_no_exploring_needed

Skill      XL: |  1  2  3  4  5  6  7  8  9 10 |
---------------+-------------------------------+-----
Fighting       | 2 3 4 |  4.2
Maces & Flails | 3 4 |  4.6
Staves         | 2 5 8 11 | 11.6
Conjurations   | 4 |  4.0
Evocations     | 4 |  4.0
Stealth        | |  1.0
Shields        | |  2.0
Spellcasting   | |  2.0
Invocations    | |  1.0

Action                   |  1- 3 |  4- 6 |  7- 9 | 10-12 || total
-------------------------+-------+-------+-------+-------++-------
Melee: Mace              |    59 |   150 |   186 |   104 ||   499
       Headbutt          |       |     2 |    42 |    25 ||    69
Throw: Throwing net      |       |     1 |     6 |       ||     7
       Boomerang         |       |       |     7 |       ||     7
       Dart              |       |       |       |     1 ||     1
Invok: Reject Sacrifices |       |       |     1 |       ||     1
Evoke: Wand              |       |       |       |     7 ||     7
  Use: Potion            |     1 |     6 |     3 |     4 ||    14
       Scroll            |     3 |     4 |     4 |     3 ||    14
 Stab: Sleeping          |     4 |     1 |     2 |       ||     7
       Held in net/web   |       |     1 |       |       ||     1
       Distracted        |       |       |     1 |       ||     1
Armor: Leather armour    |    11 |    27 |    45 |    44 ||   127
       Skin              |       |       |     7 |       ||     7
Dodge: Dodged            |    44 |    92 |   112 |    48 ||   296
Block: Buckler           |     9 |    26 |    36 |    11 ||    82
